 Dungeon Crawl Stone Soup version 0.28-b1-1-g3c77fb2ed1 (webtiles) character file.

Game seed: 15362584914583555109

52035 pkoi the Basher (level 14, -1/113 HPs)
             Began as a Minotaur Fighter on Jan 28, 2022.
             Was a High Priest of Okawaru.
             Succumbed to a swamp dragon's blast of poison
             ... on level 6 of the Lair of Beasts.
             The game lasted 00:23:25 (22576 turns).

pkoi the Basher (Minotaur Fighter)                 Turns: 22576, Time: 00:23:25

Health: -1/113     AC: 28    Str: 25    XL:     14   Next: 25%
Magic:  21/21      EV: 19    Int:  2    God:    Okawaru [*****.]
Gold:   1428       SH: 12    Dex: 15    Spells: 13/13 levels left

rFire   + + +      SeeInvis +   L - +5 broad axe of the Unseen Realm {freeze, rF+++ rN++ Int-3 Dex+4}
rCold   + . .      Faith    .   c - +0 buckler
rNeg    + + .      Spirit   .   M - +7 plate armour of Meuq {Will+ SInv}
rPois   .          Reflect  +   G - +2 hat
rElec   .          Harm     .   Q - +0 cloak
rCorr   .          Rampage  .   (no gloves)
Will    +++..                   (no boots)
Stlth   ..........              k - amulet of reflection
HPRegen 0.28/turn               B - +4 ring of evasion
MPRegen 0.17/turn               m - ring of protection from cold

@: lethally poisoned (-1 -> -21), heroic
A: horns 2, retaliatory headbutt, hooves 1, strong-willed 1
a: Renounce Religion, Heroism, Finesse, Duel


You were on level 6 of the Lair of Beasts.
You worshipped Okawaru.
Okawaru was extremely pleased with you.
You visited 3 branches of the dungeon, and saw 18 of its levels.

You collected 2306 gold pieces.
You spent 878 gold pieces at shops.

Inventory:

Hand Weapons
 a - a +0 flail of chaos
 p - a +2 whip of freezing
 u - a +1 demon whip of venom
 L - the +5 broad axe of the Unseen Realm (weapon) {freeze, rF+++ rN++ Int-3 Dex+4}
   (Okawaru gifted it to you on level 3 of the Lair of Beasts)

   It freezes those it strikes, dealing additional cold damage.
   It can also slow down cold-blooded creatures.
   Int:       It affects your intelligence (-3).
   Dex:       It affects your dexterity (+4).
   rF:        It renders you almost immune to fire.
   rN:        It greatly protects you from negative energy.
Missiles
 e - 37 poisoned darts (quivered)
 t - 3 throwing nets
 y - 5 curare-tipped darts
Armour
 c - a +0 buckler (worn)
 z - the +1 chain mail of Howling Wind {rF+}
   (You found it on level 8 of the Dungeon)

   rF:        It protects you from fire.
 G - a +2 hat (worn)
 I - the +1 leather armour of Paranoia {rC++ Int+3 Dex-4}
   (You found it on level 3 of the Lair of Beasts)

   Int:       It affects your intelligence (+3).
   Dex:       It affects your dexterity (-4).
   rC:        It greatly protects you from cold.
 M - the +7 plate armour of Meuq (worn) {Will+ SInv}
   (Okawaru gifted it to you on level 4 of the Lair of Beasts)

   SInv:      It lets you see invisible.
   Will:      It increases your willpower.
 Q - a +0 cloak (worn)
Jewellery
 f - a ring of fire
 h - a ring of magical power
 k - an amulet of reflection (around neck)
 m - a ring of protection from cold (right hand)
 q - a ring of positive energy
 A - a ring of flight
 B - a +4 ring of evasion (left hand)
 F - a ring of ice
Wands
 i - a wand of iceblast (15)
 s - a wand of flame (35)
 H - a wand of paralysis (3)
 J - a wand of polymorph (3)
 N - a wand of mindburst (6)
 P - a wand of acid (6)
Scrolls
 b - 7 scrolls of teleportation
 l - 5 scrolls of amnesia
 o - a scroll of blinking
 v - a scroll of enchant weapon
 w - a scroll of brand weapon
 x - 9 scrolls of identify
 E - a scroll of silence
 K - 4 scrolls of fear
 O - a scroll of fog
Potions
 d - 2 potions of might
 g - 4 potions of heal wounds
 n - a potion of lignification
 r - 2 potions of magic
 C - 2 potions of haste
 D - 2 potions of ambrosia
 R - a potion of invisibility
 S - a potion of flight


   Skills:
 + Level 7.5(12.5) Fighting
 + Level 6.2(15.5) Axes
 - Level 13.1(18.6) Maces & Flails
 - Level 6.0(11.0) Throwing
 - Level 12.0(17.0) Armour
 - Level 12.0(17.0) Dodging
 - Level 6.0(11.0) Shields
 + Level 11.1 Invocations
 + Level 8.1 Evocations


You had 13 spell levels left.
You didn't know any spells.
Your spell library contained the following spells:

 Spells                   Type           Power      Damage    Failure   Level
 Freeze                   Ice            0%         1d3       99%         1
 Slow                     Hex            0%         N/A       99%         1
 Corpse Rot               Necr/Air       0%         N/A       100%        2
 Ensorcelled Hibernation  Hex/Ice        0%         N/A       100%        2
 Passwall                 Tmut/Erth      0%         N/A       100%        2
 Poisonous Vapours        Pois/Air       0%         N/A       100%        2
 Confusing Touch          Hex            0%         N/A       100%        3
 Conjure Flame            Conj/Fire      0%         6-21      100%        3
 Frozen Ramparts          Ice            0%         1d2       100%        3
 Ignite Poison            Fire/Tmut/Pois 0%         N/A       100%        3
 Portal Projectile        Hex/Tloc       0%         N/A       100%        3
 Swiftness                Air            0%         N/A       100%        3
 Vampiric Draining        Necr           0%         2d6       100%        3
 Hailstorm                Conj/Ice       0%         3d3       100%        4
 Leda's Liquefaction      Hex/Erth       0%         N/A       100%        4
 Sticky Flame             Conj/Fire      0%         2d3       100%        4
 Call Canine Familiar     Summ           Unusable   N/A       N/A         3

Dungeon Overview and Level Annotations

Branches:
Dungeon (11/15)            Temple (1/1) D:4            Lair (6/6) D:11
 Shoals (0/4) Lair:2       Spider (0/4) Lair:4        Slime (0/5) Lair:6
    Orc (0/2) D:9

Altars:
Ashenzari
Cheibriados
Dithmenos
Elyvilon
Fedhas
Gozag
Hepliaklqana
Kikubaaqudgha
Makhleb
Nemelex Xobeh
Okawaru
Qazlal
Ru
Sif Muna
Trog
Uskayaw
Vehumet
Wu Jian
Xom
Yredelemnul
Zin
The Shining One

Shops:
D:2 [   D:4 !   D:7 (   D:10 *

Annotations:
D:2 Sigmund
D:7 2 transporters, pkoi's ghost, novice MiFi
Lair:4 3 runed translucent doors, Wairalebb's ghost, journeyman BaFi
Lair:5 2 runed translucent doors, Wolly's ghost, journeyman CeAM
Abyss:1 Prince Ribbit


Innate Abilities, Weirdness & Mutations

You have a pair of horns on your head.
You reflexively headbutt those who attack you in melee.
You have large cloven feet.
You are strong-willed. (Will+)


Message History

* * * LOW HITPOINT WARNING * * *
x2 You feel extremely sick.
You feel better.
You are engulfed in poison gas.
You are poisoned.
* * * LOW HITPOINT WARNING * * *
You feel very sick.
The swamp dragon bites you but does no damage.
You block the swamp dragon's attack. x2
Your unstable footing causes you to fumble your attack.
You are engulfed in poison gas.
You are lethally poisoned!
* * * LOW HITPOINT WARNING * * *
x2 You feel very sick.
The swamp dragon bites you but does no damage.
The swamp dragon claws you but does no damage.
You block the swamp dragon's attack.
You feel better.
The swamp dragon breathes poison at you.
The blast of poison engulfs you but does no damage.
You are poisoned.
Unknown command.
Your unstable footing causes you to fumble your attack.
You are engulfed in poison gas.
You are lethally poisoned!
* * * LOW HITPOINT WARNING * * *
x2 You feel very sick.
The swamp dragon misses you. The swamp dragon completely misses you.
You block the swamp dragon's attack. You block the swamp drake's attack.
You feel better.
You are engulfed in poison gas.
You are poisoned.
* * * LOW HITPOINT WARNING * * *
x2 You feel very sick.
The swamp dragon breathes poison at you.
The blast of poison engulfs you but does no damage.
You are more poisoned.
You block the swamp drake's attack.
Blink to where?
Press: ? - help, Dir - move target, p - swamp dragon
As you read the scroll of blinking, it crumbles to dust.
You die...

≈.≈..♣♣ # .≈≈..♣ ###
♣≈≈..♣♣ #.# ♣≈..♣.♣♣
#######. ♣♣≈≈P...♣
#...#### ♣♣....P.P♣
#....... ♣♣.÷≈≈.♣♣.♣
#.....## ♣≈≈≈≈D≈
♣P≈≈♣♣≈.♣ #..#####
♣≈≈≈≈≈≈ ♣♣≈≈.@♣♣≈♣♣♣♣
#..# ##
♣≈≈≈≈≈.♣♣.≈..♣♣♣≈≈♣.♣
#..####.
♣≈≈≈≈.♣♣≈.≈..♣..♣.[♣♣
#P...#..
♣...≈..♣♣♣≈..♣.P♣.≈≈♣
##......
♣..≈.♣♣≈≈[♣♣..♣♣♣..♣
#.....#.
♣..≈≈≈○≈.P♣...♣♣≈.♣♣
#..#..#P
♣...kD°÷.♣♣♣♣.♣♣..♣♣
###.#### ♣♣..°°○P♣♣
♣♣♣♣.[.♣♣#..## #
♣♣♣♣♣♣♣♣
###...≈≈.#..# #


You could see a swamp dragon.

Vanquished Creatures
  Snorg (D:11)
  The ghost of pkoi the Bludgeoner, a journeyman MiFi of Okawaru (Lair:3)
  A boulder beetle (D:11)
  6 hydras
  Harold (D:7)
  A catoblepas (Lair:4)
  2 two-headed ogres (D:11)
  A death yak (Lair:5)
  Urug (Lair:2)
  Pikel (D:5)
  2 ugly things (D:11)
  A cyclops (D:11)
  12 elephants
  3 black mambas
  11 cane toads
  A torpor snail (Lair:5)
  14 komodo dragons
  5 rime drakes
  2 polar bears
  A troll (D:9)
  4 blink frogs (Lair:6)
  A hornet (Lair:3)
  2 shadows
  A spriggan (shapeshifter) (D:6)
  A wraith (D:10)
  4 wyverns
  Grum (D:11)
  44 yaks
  Eustachio (D:6)
  3 redbacks (Lair:4)
  4 basilisks
  A steam dragon (Lair:6)
  2 vampire mosquitoes (D:11)
  Edmund (D:6)
  3 acid dragons (Lair:6)
  10 water moccasins
  3 orc warriors
  2 sky beasts (D:7)
  2 black bears
  An ice beast (D:6)
  6 centaurs
  3 ogres
  17 wolves
  2 lemures (D:5)
  2 phantoms
  A kobold brigand (D:8)
  A wyvern zombie (D:7)
  A scorpion (D:11)
  15 bullfrogs
  A water moccasin zombie (D:6)
  22 killer bees
  7 wights (D:9)
  An electric eel (D:10)
  A howler monkey (D:9)
  2 bullfrog zombies (D:6)
  3 centaur zombies
  A hound (D:7)
  2 jellies
  7 orc priests
  3 gnoll shamans
  Terence (D:2)
  3 iguanas (Lair:6)
  Natasha (D:2)
  8 orc wizards
  17 gnolls
  A howler monkey skeleton (D:6)
  6 adders
  13 white imps
  2 worms
  3 dart slugs
  18 orcs
  3 ball pythons
  4 bats
  10 endoplasms
  4 giant cockroaches
  4 hobgoblins
  A quokka (D:4)
  4 frilled lizards
  7 goblins
  8 kobolds
  5 rats
380 creatures vanquished.

Vanquished Creatures (others)
  30 fungi
  40 plants
70 creatures vanquished.

Grand Total: 450 creatures vanquished

Notes
Turn   | Place    | Note
-------+----------+-------------------------------------------
     0 | D:1      | pkoi the Minotaur Fighter began the quest for the Orb.
     0 | D:1      | Reached XP level 1. HP: 19/19 MP: 0/0
   204 | D:1      | Reached XP level 2. HP: 22/27 MP: 1/1
   565 | D:1      | You fall into a shaft and drop 1 floor!
   569 | D:2      | Found a faded altar of an unknown god.
   636 | D:2      | Reached skill level 1 in Dodging
   686 | D:2      | Reached XP level 3. HP: 33/33 MP: 2/2
   785 | D:2      | Reached skill level 3 in Maces & Flails
   956 | D:2      | Noticed Terence
   963 | D:2      | Killed Terence
   964 | D:2      | Reached XP level 4. HP: 32/40 MP: 3/3
  1367 | D:2      | Noticed Natasha
  1374 | D:2      | Killed Natasha
  1453 | D:2      | Noticed Sigmund
  1456 | D:2      | Found Deoli's Antique Armour Boutique.
  1887 | D:3      | Reached XP level 5. HP: 47/47 MP: 4/4
  2006 | D:3      | Found a snail-covered altar of Cheibriados.
  2009 | D:3      | Found a shadowy altar of Dithmenos.
  2266 | D:4      | Noticed an ogre
  2270 | D:4      | Gained mutation: You are strong-willed. (Will+) [potion of
                  | mutation]
  2270 | D:4      | Gained mutation: You have large cloven feet. [potion of
                  | mutation]
  2274 | D:4      | Killed an ogre
  2275 | D:4      | Reached skill level 4 in Maces & Flails
  2375 | D:4      | Reached skill level 5 in Fighting
  2375 | D:4      | Reached skill level 5 in Armour
  2375 | D:4      | Reached XP level 6. HP: 48/56 MP: 5/5
  3286 | D:4      | Found a staircase to the Ecumenical Temple.
  3326 | Temple   | Entered the Ecumenical Temple
  3778 | Temple   | Became a worshipper of Warmaster Okawaru
  3838 | D:4      | Found Imullen's Distillery.
  3843 | D:4      | Bought a potion of heal wounds for 65 gold pieces
  3843 | D:4      | Bought a potion of curing for 39 gold pieces
  3940 | D:5      | Entered Level 5 of the Dungeon
  3976 | D:5      | Noticed a water moccasin
  3992 | D:5      | Killed a water moccasin
  3993 | D:5      | Reached skill level 5 in Maces & Flails
  3993 | D:5      | Reached skill level 1 in Invocations
  3993 | D:5      | Reached XP level 7. HP: 52/62 MP: 6/6
  4051 | D:5      | Identified the +1 robe "Ublajy" {Int+3}
  4305 | D:5      | Reached * piety under Okawaru
  5164 | D:5      | Noticed Prince Ribbit
  5174 | D:5      | Banished Prince Ribbit
  5175 | D:5      | Reached skill level 6 in Maces & Flails
  5175 | D:5      | Reached skill level 5 in Dodging
  5175 | D:5      | Reached XP level 8. HP: 54/70 MP: 7/9
  5421 | D:6      | Noticed Eustachio
  5465 | D:6      | Noticed a shapeshifter
  5465 | D:6      | a black bear changed into a shapeshifter
  5465 | D:6      | a shapeshifter changed into a spriggan
  5468 | D:6      | Noticed Pikel
  5786 | D:5      | Killed Pikel
  5786 | D:5      | Reached ** piety under Okawaru
  5787 | D:5      | Reached skill level 8 in Maces & Flails
  5963 | D:6      | Killed Eustachio
  5964 | D:6      | Reached skill level 5 in Invocations
  6060 | D:6      | Reached XP level 9. HP: 69/75 MP: 11/11
  6193 | D:6      | Noticed Edmund
  6214 | D:6      | Killed Edmund
  6742 | D:7      | Reached *** piety under Okawaru
  6743 | D:7      | Reached skill level 9 in Maces & Flails
  6811 | D:7      | Found a transporter.
  6813 | D:7      | Found a transporter.
  6822 | D:7      | Found a bloodstained altar of Trog.
  6829 | D:7      | Noticed a moth of wrath
  6830 | D:7      | Noticed pkoi's ghost (novice MiFi)
  6831 | D:7      | Noticed a troll
  6834 | D:7      | Noticed Harold
  6846 | D:7      | Killed Harold
  7190 | D:7      | Found Leuceik's Antique Weapon Boutique.
  7728 | D:8      | Reached XP level 10. HP: 65/83 MP: 14/14
  8065 | D:8      | Reached skill level 10 in Maces & Flails
  8298 | D:8      | Identified the +1 chain mail of Howling Wind {rF+}
  8376 | D:8      | Reached **** piety under Okawaru
  8718 | D:9      | Reached skill level 1 in Evocations
  8997 | D:9      | Identified a scroll of acquirement
  8997 | D:9      | Acquired 1159 gold pieces
  9075 | D:9      | Found a staircase to the Orcish Mines.
  9161 | D:7      | Bought a glowing demon whip for 594 gold pieces
 10072 | D:10     | Entered Level 10 of the Dungeon
 10880 | D:10     | Found Ciuklyroor's General Store.
 10886 | D:10     | Bought a potion of heal wounds for 60 gold pieces
 10886 | D:10     | Bought a potion of haste for 120 gold pieces
 10997 | D:10     | Reached ***** piety under Okawaru
 11081 | D:10     | Reached skill level 11 in Maces & Flails
 11582 | D:10     | Reached XP level 11. HP: 81/89 MP: 13/16
 12206 | D:11     | Noticed a green ugly thing
 12234 | D:11     | Killed a green ugly thing
 12235 | D:11     | Reached skill level 1 in Throwing
 12354 | D:11     | Identified the -4 buckler of Cowardice {rN+ Str-2 Stlth+}
                  | (Okawaru gifted it to you on level 11 of the Dungeon)
 12354 | D:11     | Received a gift from Okawaru
 12498 | D:11     | Noticed a two-headed ogre
 12499 | D:11     | Noticed Grum
 12506 | D:11     | Killed a two-headed ogre
 12511 | D:11     | Killed Grum
 12713 | D:11     | Reached skill level 12 in Maces & Flails
 12713 | D:11     | Reached skill level 10 in Armour
 12713 | D:11     | Reached skill level 5 in Evocations
 12713 | D:11     | Reached XP level 12. HP: 91/100 MP: 15/17
 12809 | D:11     | Noticed a boulder beetle
 12827 | D:11     | Killed a boulder beetle
 12997 | D:11     | Noticed Snorg
 13008 | D:11     | Killed Snorg
 13348 | D:11     | Found a staircase to the Lair.
 13349 | D:11     | Noticed a two-headed ogre
 13373 | D:11     | Killed a two-headed ogre
 13374 | D:11     | Reached skill level 10 in Dodging
 13962 | D:11     | Found a glowing golden altar of the Shining One.
 14009 | Lair:1   | Entered Level 1 of the Lair of Beasts
 14275 | Lair:1   | Reached skill level 5 in Throwing
 15138 | Lair:1   | Received a gift from Okawaru
 15160 | Lair:1   | Reached XP level 13. HP: 55/105 MP: 17/19
 15734 | Lair:2   | Found a staircase to the Shoals.
 15794 | Lair:2   | You fall into a shaft and drop 1 floor!
 15839 | Lair:3   | Identified the +1 leather armour of Paranoia {rC++ Int+3
                  | Dex-4}
 15870 | Lair:2   | Found a frozen archway.
 15875 | Lair:2   | Noticed Urug
 16388 | Lair:2   | Killed Urug
 16961 | Lair:2   | Reached skill level 5 in Shields
 17308 | Lair:3   | Found a runed translucent gate.
 17308 | Lair:3   | Found a runed translucent gate.
 17364 | Lair:3   | Identified the +5 broad axe of the Unseen Realm {freeze,
                  | rF+++ rN++ Int-3 Dex+4} (Okawaru gifted it to you on level
                  | 3 of the Lair of Beasts)
 17364 | Lair:3   | Received a gift from Okawaru
 17411 | Lair:3   | Reached skill level 13 in Maces & Flails
 17538 | Lair:3   | Reached skill level 1 in Axes
 17862 | Lair:3   | Found a runed translucent gate.
 17872 | Lair:3   | Noticed pkoi's ghost (journeyman MiFi)
 17908 | Lair:3   | Killed pkoi's ghost
 18399 | Lair:3   | Paralysed by a hornet for 1 turns
 18916 | Lair:4   | Reached skill level 10 in Invocations
 19039 | Lair:4   | Found a runed translucent gate.
 19039 | Lair:4   | Found a runed translucent gate.
 19039 | Lair:4   | Found a runed translucent gate.
 19441 | Lair:4   | Identified the +7 plate armour of Meuq {Will+ SInv}
                  | (Okawaru gifted it to you on level 4 of the Lair of Beasts)
 19441 | Lair:4   | Received a gift from Okawaru
 19458 | Lair:4   | Found a hole to the Spider Nest.
 19968 | Lair:4   | Noticed Wairalebb's ghost (journeyman BaFi)
 20748 | Lair:5   | Found a large runed translucent door.
 20748 | Lair:5   | Found a large runed translucent door.
 20750 | Lair:5   | Noticed Wolly's ghost (journeyman CeAM)
 20964 | Lair:5   | Reached skill level 5 in Axes
 21215 | Lair:6   | Entered Level 6 of the Lair of Beasts
 21222 | Lair:6   | Reached XP level 14. HP: 98/113 MP: 21/21
 21509 | Lair:6   | Found a staircase to the Slime Pits.
 21627 | Lair:6   | Received a gift from Okawaru
 22575 | Lair:6   | HP: 4/113 [poisoned by a swamp dragon (poison gas)]
 22576 | Lair:6   | Succumbed to a swamp dragon's blast of poison

Illustrated notes

Levels and vault maps discovered:
D:1:      dpeg_arrival_simpleton_b, layout_loops_ring, minmay_tromino_v4_b
D:2:      layout_basic, serial_shops, shop, ebering_ecumenical_altar_hall,
          uniq_terence, uniq_sigmund, uniq_natasha
D:3:      layout_rooms, minitemple
D:4:      layout_gridville, minmay_temple_entry_butterflies, serial_shops, shop
D:5:      layout_cave_pods, uniq_prince_ribbit1
D:6:      layout_cave_pools, uniq_edmund, uniq_eustachio, uniq_menkaure,
          uniq_pikel
D:7:      layout_cave_pools, serial_shops, shop,
          gammafunk_ghost_wrathful_warriors, uniq_harold
D:8:      layout_layer_cave, glass_columns_a
D:9:      layout_gridville, orc_0_dummy, kennysheep_generic_room_6
D:10:     layout_basic, serial_shops, nicolae_square_shop,
          serial_bayou_lagoon_a, chequers_garden
D:11:     layout_loops_ring, grunt_lair_entry_orc_guard_hut, tso_altar,
          uniq_snorg, uniq_grum
Temple:   mainiacjoe_temple_big_plus
Lair:1:   layout_gridlike, cheibrodos_lair_caveside_slide
Lair:2:   layout_chaotic_city, shoals_dummy_entry, portal_ice_cave_entry_imps,
          chequers_serial_rivers_small_a, lemuel_fruit_fields, uniq_urug
Lair:3:   layout_cave_pods, ebering_ghost_rock_garden
Lair:4:   layout_hall_layers, spider_nest_entry_webs, gammafunk_ghost_icy
Lair:5:   layout_regular_city, ebering_ghost_disaster_area, grunt_megastairs_2
Lair:6:   guppyfry_lair_end_dragon, layout_loops_ring,
          nicolae_slime_entry_slimehenge, bobbens_ice_dragon_lair,
          grunt_megastairs_3

Skill      XL: |  1  2  3  4  5  6  7  8  9 10 11 12 13 14 |
---------------+-------------------------------------------+-----
Dodging        | 1 2 3 5 6 7 8 9 10 11 12 | 12.0
Fighting       | 4 5 6 7 |  7.5
Armour         | 4 5 6 7 9 10 11 12 | 12.0
Shields        | 4 6 |  6.0
Maces & Flails | 3 4 5 6 8 9 11 12 13 | 13.1
Invocations    | 1 3 5 6 8 9 10 11 | 11.1
Evocations     | 3 5 6 7 8 |  8.1
Throwing       | 3 5 6 |  6.0
Axes           | 5 6 |  6.2

Action                   |  1- 3 |  4- 6 |  7- 9 | 10-12 | 13-15 || total
-------------------------+-------+-------+-------+-------+-------++-------
Melee: Flail             |    65 |    92 |    93 |       |       ||   250
       Headbutt          |     8 |    14 |    52 |   123 |   132 ||   329
       Kick              |       |     6 |    78 |   133 |   224 ||   441
       Whip              |       |       |   156 |    76 |       ||   232
       Demon whip        |       |       |       |   409 |   562 ||   971
       Broad axe         |       |       |       |       |    27 ||    27
Throw: Dart              |       |       |       |       |     7 ||     7
Invok: Heroism           |       |       |     5 |    10 |    14 ||    29
       Finesse           |       |       |       |       |     3 ||     3
Evoke: Wand              |       |       |       |       |     3 ||     3
  Use: Potion            |       |     5 |       |     1 |     4 ||    10
       Scroll            |       |     2 |     6 |     6 |     5 ||    19
 Stab: Invisible         |       |     1 |       |       |       ||     1
       Paralysed         |       |       |     1 |       |       ||     1
       Petrified         |       |       |       |       |     2 ||     2
Armor: Scale mail        |    36 |    22 |    16 |     1 |       ||    75
       Ring mail         |       |     8 |    26 |       |       ||    34
       Chain mail        |       |       |       |    93 |    27 ||   120
       Plate armour      |       |       |       |       |    94 ||    94
       Leather armour    |       |       |       |       |    14 ||    14
Dodge: Dodged            |    34 |    56 |   116 |   208 |   247 ||   661
Block: Buckler           |    12 |    21 |   133 |   177 |   189 ||   532
       Reflection        |       |       |     2 |       |     4 ||     6
